 Dungeon Crawl Stone Soup version 0.27-a0-1193-g8631133539 (webtiles) character file.

Game seed: 16549896800438157781

233 coolguy69 the Cutter (level 6, -3/32 HPs)
             Began as a Vine Stalker Monk on May 26, 2021.
             Slain by a killer bee (4 damage)
             ... on level 4 of the Dungeon.
             The game lasted 00:03:04 (4044 turns).

coolguy69 the Cutter (Vine Stalker Monk)            Turns: 4044, Time: 00:03:06

Health: -3/32      AC:  5    Str: 16    XL:     6   Next: 4%
Magic:  0/7        EV: 13    Int: 10    God:
Gold:   125        SH:  5    Dex: 16    Spells: 5/5 levels left

rFire    . . .     SeeInvis .   a - +0 short sword
rCold    . . .     Faith    .   (no shield)
rNeg     . . .     Spirit   +   e - +0 leather armour
rPois    .         Reflect  +   o - +0 helmet
rElec    .         Harm     .   k - +0 cloak
rCorr    .         Rampage  .   (no gloves)
Will     .....                  (no boots)
Stlth    ++........             f - amulet of reflection
HPRegen  1.10/turn              (no ring)
MPRegen  0.10/turn              (no ring)

@: mighty, lethally poisoned (-3 -> -5)
A: fangs 2, regeneration 1, magic shield, antimagic bite, no potion heal 2
a: no special abilities


You were on level 4 of the Dungeon.
You visited 1 branch of the dungeon, and saw 4 of its levels.

You collected 125 gold pieces.

Inventory:

Hand Weapons
 a - a +0 short sword (weapon)
Armour
 e - a +0 leather armour (worn)
 k - a +0 cloak (worn)
 o - a +0 helmet (worn)
Jewellery
 f - an amulet of reflection (around neck)
 n - a ring of flight
Wands
 m - a wand of paralysis (15)
Scrolls
 c - a scroll of noise {unknown}
 p - a scroll of fear {unknown}
 q - a scroll of silence {unknown}
Potions
 d - a potion of flight
 g - a potion of invisibility
 i - a potion of brilliance {unknown}
 j - a potion of resistance
 l - 3 potions of attraction


   Skills:
 + Level 3.6 Fighting
 + Level 4.1 Short Blades
 + Level 3.2 Dodging
 + Level 3.8 Stealth
 + Level 1.0 Shields


You had 5 spell levels left.
You didn't know any spells.
Your spell library contained the following spells:

 Spells                   Type           Power      Damage    Failure   Level
 Magic Dart               Conj           0%         1d3       43%         1
 Blink                    Tloc           N/A        N/A       56%         2
 Call Imp                 Summ           0%         N/A       56%         2
 Slow                     Hex            0%         N/A       56%         2
 Conjure Flame            Conj/Fire      0%         6-21      80%         3
 Mephitic Cloud           Conj/Pois/Air  0%         N/A       80%         3


Dungeon Overview and Level Annotations

Branches:
Dungeon (4/15)
 Temple: D:4-7

Altars:
Xom

Annotations:
D:4 Dowan, Duvessa, Pikel


Innate Abilities, Weirdness & Mutations

You have extremely sharp teeth.
Your natural rate of healing is unusually fast.
When hurt, damage is shared between your health and your magic reserves.
Your bite disrupts and absorbs the magic of your enemies.
Potions cannot restore your health.


Message History

You hear an angry hiss.
A killer bee comes into view.
An iguana comes into view.
Found 16 sling bullets.
There are monsters nearby!
There are monsters nearby!
You miss the killer bee.
The killer bee buzzes angrily.
Your bite misses the killer bee. The killer bee barely misses you.
You barely miss the killer bee.
A killer bee comes into view.
The killer bee stings you.
You are poisoned.
The killer bee poisons you! The killer bee stings you.
You are more poisoned.
The killer bee poisons you!
You feel very sick. The killer bee barely misses you.
The killer bee stings you.
You feel very sick. The killer bee stings you.
You feel very sick. The killer bee closely misses you.
You feel sick.
You feel sick. The killer bee stings you.
You feel very mighty all of a sudden.
You feel sick. The killer bee stings you.
* * * LOW HITPOINT WARNING * * *
You block the killer bee's attack.
You closely miss the killer bee.
You feel sick. You block the killer bee's attack. The killer bee stings you.
* * * LOW HITPOINT WARNING * * *
You closely miss the killer bee.
You feel sick. The killer bee closely misses you.
You barely miss the killer bee. You bite the killer bee. You drain its power.
You feel invigorated.
The killer bee is moderately wounded.
You feel sick. The killer bee stings you.
* * * LOW HITPOINT WARNING * * *
You are lethally poisoned!
The killer bee poisons you! The killer bee stings you!
You die...

########....#
#.....#
#....).#.##.#
#.....# #.#.#..#
#....## #...#.####
#....#
#####....####..).#
##..#.#.......#
#.[.#....#....#
##J#######.####
+yyy@......# ####
#.y######.[. #...
##l.######... #...
#.............
#(..
##.##J......##
#...
#.......l.....#
####...
###.###.......#
#...... ..
.(.Ze>### .##...
... ###...#
......#


You could see an iguana, 4 killer bees and an endoplasm.

Vanquished Creatures
  An ogre (D:4)
  An orc wizard (D:3)
  4 adders
  A river rat (D:3)
  4 worms (D:3)
  A dart slug (D:2)
  4 orcs (D:3)
  3 bats
  4 endoplasms
  6 giant cockroaches
  2 goblins (D:1)
  4 hobgoblins
  3 jackals (D:1)
  2 quokkas (D:1)
  4 ball pythons
  4 frilled lizards
  11 kobolds
  7 rats
66 creatures vanquished.

Notes
Turn   | Place    | Note
-------+----------+-------------------------------------------
     0 | D:1      | coolguy69 the Vine Stalker Monk began the quest for the
                  | Orb.
     0 | D:1      | Reached XP level 1. HP: 11/11 MP: 2/2
   426 | D:1      | Reached XP level 2. HP: 16/16 MP: 3/3
   696 | D:1      | Reached skill level 3 in Short Blades
   782 | D:1      | Found a faded altar of an unknown god.
   877 | D:1      | Reached XP level 3. HP: 20/20 MP: 4/4
  2710 | D:3      | Gained mutation: Your natural rate of healing is unusually
                  | fast. [Vine Stalker growth]
  2710 | D:3      | Reached XP level 4. HP: 9/24 MP: 5/5
  2724 | D:3      | Found a shimmering altar of Xom.
  3373 | D:3      | Reached XP level 5. HP: 19/28 MP: 4/6
  3789 | D:4      | Noticed a lemure
  3789 | D:4      | Noticed a lemure
  3790 | D:4      | Noticed a lemure
  3790 | D:4      | Noticed Pikel
  3790 | D:4      | Noticed a lemure
  3801 | D:4      | Noticed Duvessa
  3801 | D:4      | Noticed Dowan
  3981 | D:4      | Noticed an ogre
  3986 | D:4      | Killed an ogre
  3987 | D:4      | Reached skill level 4 in Short Blades
  3987 | D:4      | Reached XP level 6. HP: 32/32 MP: 7/7
  4017 | D:4      | Reached skill level 1 in Shields
  4044 | D:4      | HP: 1/32 [killer bee (2)]
  4044 | D:4      | Slain by a killer bee

Illustrated notes

Levels and vault maps discovered:
D:1:      saegor_arrival_simple_b, layout_basic,
          hellmonk_ecumenical_altar_pennies_from_heaven
D:2:      layout_basic
D:3:      layout_loops_corners, lemuel_doored_altar, gup_sewer_entry_bubbles
D:4:      layout_basic, dk_noncrumbling_3, uniq_duvessa, uniq_pikel

Skill      XL: |  1  2  3  4  5  6 |
---------------+-------------------+-----
Fighting       | 3 |  3.6
Short Blades   | 3 4 |  4.1
Stealth        | 3 |  3.8
Dodging        | 3 |  3.2
Shields        | 1 |  1.0

Action                   |  1- 3 |  4- 6 || total
-------------------------+-------+-------++-------
Melee: Short sword       |   107 |   177 ||   284
       Bite              |    21 |    53 ||    74
  Use: Scroll            |       |     7 ||     7
       Potion            |       |     1 ||     1
 Stab: Sleeping          |    10 |     2 ||    12
Armor: Robe              |    12 |    20 ||    32
Dodge: Dodged            |    48 |    89 ||   137
Block: Other             |    12 |    33 ||    45

Table legend: (Time is in decaauts)
 A = Elapsed time spent in this place.
 B = Non-inter-level travel time spent in this place.
 C = Inter-level travel time spent in this place.
 D = Time resting spent in this place.
 E = Time spent auto-exploring this place.
 F = Levels seen in this place.
 G = Mean time per level.
                   A        B        C        D        E       F      G
               +--------+--------+--------+--------+--------+-----+--------+
         Total |   4059 |   3981 |     78 |    432 |   2885 |   4 | 1014.8 |
       Dungeon |   4059 |   3981 |     78 |    432 |   2885 |   4 | 1014.8 |
               +--------+--------+--------+--------+--------+-----+--------+

Top non-repeatable levels by time:
     D:3: 1431 daAuts
     D:1: 1378 daAuts
     D:2: 1126 daAuts
     D:4: 122 daAuts
